 Dungeon Crawl Stone Soup version 0.29-a0-284-gf9362112df (webtiles) character file.

Game seed: 12261916065676295386

34 epen the Vexing (level 3, -4/28 HPs)
             Began as a Gnoll Arcane Marksman on Mar 15, 2022.
             Slain by a gnoll
             ... wielding a +0 halberd
              (14 damage)
             ... on level 2 of the Dungeon.
             The game lasted 00:00:55 (860 turns).

epen the Vexing (Gnoll Arcane Marksman)              Turns: 860, Time: 00:00:56

Health: -4/28      AC:  2    Str:  9    XL:     3   Next: 31%
Magic:  7/7        EV: 13    Int: 12    God:
Gold:   31         SH:  0    Dex: 14    Spells: 6/7 levels left

rFire   + + .      SeeInvis .   k - +10 dagger of the Insatiable Seers {venom, Contam rF++}
rCold   . . .      Faith    .   (no shield)
rNeg    . . .      Spirit   .   b - +0 robe
rPois   .          Reflect  .   (no helmet)
rElec   .          Harm     +   f - scarf {harm}
rCorr   .          Rampage  .   (no gloves)
Will    .....                   (no boots)
Stlth   ++........              (no amulet)
HPRegen 0.09/turn               (no ring)
MPRegen 0.10/turn               (no ring)

@: no status effects
A: fangs 1, strong nose, distributed training
a: no special abilities


You were on level 2 of the Dungeon.
You visited 1 branch of the dungeon, and saw 2 of its levels.

You collected 31 gold pieces.

Inventory:

Hand Weapons
 a - a +0 shortbow
 k - the +10 dagger of the Insatiable Seers (weapon) {venom, Contam rF++}
   (You found it on level 2 of the Dungeon)

   It poisons the flesh of those it strikes.
   rF:        It greatly protects you from fire.
   Contam:    It causes magical contamination when unequipped.
Armour
 b - a +0 robe (worn)
 f - a scarf of harm (worn)
Jewellery
 i - a ring of willpower
Scrolls
 c - a scroll of vulnerability
 e - a scroll of silence {unknown}
 g - a scroll of fog {unknown}
 j - a scroll of identify {unknown}
Potions
 d - a potion of magic {unknown}
 h - a potion of might {unknown}


   Skills:
 + Level 2.6 Fighting
 + Level 0.7 Short Blades
 + Level 0.7 Long Blades
 + Level 0.7 Axes
 + Level 0.7 Maces & Flails
 + Level 0.7 Polearms
 + Level 0.7 Staves
 + Level 0.7 Slings
 + Level 4.5 Bows
 + Level 0.7 Crossbows
 + Level 0.7 Throwing
 + Level 0.7 Armour
 + Level 4.5 Dodging
 + Level 0.7 Stealth
 + Level 0.7 Shields
 + Level 0.7 Unarmed Combat
 + Level 2.8 Spellcasting
 + Level 0.5 Conjurations
 + Level 5.4 Hexes
 + Level 0.5 Summonings
 + Level 0.5 Necromancy
 + Level 0.5 Translocations
 + Level 0.5 Transmutations
 + Level 0.5 Fire Magic
 + Level 0.5 Ice Magic
 + Level 0.5 Air Magic
 + Level 0.5 Earth Magic
 + Level 0.5 Poison Magic
 + Level 0.9 Invocations
 + Level 0.7 Evocations


You had 6 spell levels left.
You knew the following spells:

 Your Spells              Type           Power      Damage    Failure   Level
a - Slow                  Hex            56%        N/A       2%          1

Your spell library contained the following spells:

 Spells                   Type           Power      Damage    Failure   Level
 Inner Flame              Hex/Fire       8%         N/A       22%         3
 Portal Projectile        Hex/Tloc       16%        N/A       22%         3
 Cause Fear               Hex            7%         N/A       26%         4


Dungeon Overview and Level Annotations

Branches:
Dungeon (2/15)

Altars:


Innate Abilities, Weirdness & Mutations

You have very sharp teeth.
Your uncanny sense of smell can sniff out nearby items.
Your experience applies equally to all skills.


Message History

You shoot an arrow. The goblin shouts!
The arrow hits the goblin!
You kill the goblin!
You have reached level 3!
Your experience leads to an increase in your attributes!
Increase (S)trength, (I)ntelligence, or (D)exterity?
You feel agile. x2
Things that are here:
a +0 club; 22 stones
Found a stone staircase leading down.
There is a stone staircase leading up here.
Found a flail.
Found a stone staircase leading down. 2 gnolls come into view.
The gnoll shouts!
You hear a shout!
A gnoll comes into view. It is wielding a +0 whip.
There are monsters nearby!
You shoot an arrow. The gnoll shouts!
The arrow hits the gnoll.
The gnoll is heavily wounded.
Really wield
k - the +10 dagger of the Insatiable Seers {venom, Contam rF++}? [Y]es or [N]o only, please.
Really wield
k - the +10 dagger of the Insatiable Seers {venom, Contam rF++}?
You feel a build-up of mutagenic energy.
The +10 dagger of the Insatiable Seers {venom, Contam rF++} begins to drip with poison!
k - the +10 dagger of the Insatiable Seers (weapon)
{venom, Contam rF++} The gnoll misses you.
The gnoll barely misses you.
You puncture the gnoll!
You kill the gnoll!
The gnoll misses you. The gnoll hits you with a +0 halberd!
Ouch! That really hurt!
You see here a +0 club.
You hit the gnoll.
The gnoll is heavily wounded.
The gnoll hits you with a +0 halberd!
Ouch! That really hurt!
You die...

#.#
###.##.......).#
#####.#
#............###
......#
#.#.##.#####.#
#†.#### #.##.#
∆# #..# #.#..#
#..# #...## ∆
#..# ##..# .
#..#
##..#####...#
#..# #....@gg..#
#..#
#..#..#####...#
#..# ....###.# #
##.# ##. ... #
.. ∆


You could see 2 gnolls.

Vanquished Creatures
  A gnoll (D:2)
  A dart slug (D:1)
  4 bats (D:1)
  An endoplasm (D:1)
  A giant cockroach (D:1)
  A hobgoblin (D:2)
  2 jackals (D:1)
  4 ball pythons (D:1)
  3 frilled lizards (D:1)
  3 goblins
  A rat (D:1)
22 creatures vanquished.

Notes
Turn   | Place    | Note
-------+----------+-------------------------------------------
     0 | D:1      | epen the Gnoll Arcane Marksman began the quest for the Orb.
     0 | D:1      | Reached XP level 1. HP: 17/17 MP: 4/4
    72 | D:1      | Reached XP level 2. HP: 22/23 MP: 5/5
   512 | D:1      | Found a faded altar of an unknown god.
   757 | D:2      | Identified the +10 dagger of the Insatiable Seers {venom,
                  | Contam rF++}
   840 | D:2      | Reached XP level 3. HP: 28/28 MP: 7/7
   860 | D:2      | Slain by a gnoll

Illustrated notes

Levels and vault maps discovered:
D:1:      enne_arrival_octagon_isle, layout_rooms,
          shapermc_ecumenical_altar_mp_ritualfount
D:2:      layout_loops_ring, kennysheep_pointless_box, uniq_jessica,
          uniq_crazy_yiuf_cottage, uniq_natasha

Action                   || total
-------------------------++-------
Melee: Dagger            ||     2
 Fire: Shortbow          ||    67
Armor: Robe              ||     7
Dodge: Dodged            ||    38

Table legend: (Time is in decaauts)
 A = Elapsed time spent in this place.
 B = Non-inter-level travel time spent in this place.
 C = Inter-level travel time spent in this place.
 D = Time resting spent in this place.
 E = Time spent auto-exploring this place.
 F = Levels seen in this place.
 G = Mean time per level.
                   A        B        C        D        E       F      G
               +--------+--------+--------+--------+--------+-----+--------+
         Total |    878 |    859 |     19 |      0 |    704 |   2 |  439.0 |
       Dungeon |    878 |    859 |     19 |      0 |    704 |   2 |  439.0 |
               +--------+--------+--------+--------+--------+-----+--------+

Top non-repeatable levels by time:
     D:1: 753 daAuts
     D:2: 125 daAuts
